 Dungeon Crawl Stone Soup version 0.29.1-2-gbd0b4ee654 (webtiles) character file.

Game seed: 2175408497735069748

2 croobank the Caller (level 1, 0/7 HPs)
             Began as a Felid Summoner on Nov 8, 2022.
             Slain by a quokka (1 damage)
             ... on level 1 of the Dungeon.
             The game lasted 00:01:03 (206 turns).

croobank the Caller (Felid Summoner)                 Turns: 206, Time: 00:01:04

Health: 0/7        AC:  1    Str:  4    XL:     1   Next: 33%
Magic:  0/4        EV: 17    Int: 16    God:
Gold:   0          SH:  0    Dex: 16    Spells: 3/4 levels left
                                        Lives:  0   Deaths: 0

rFire   . . .      SeeInvis +   (weapon unavailable)
rCold   . . .      Faith    .   (shield unavailable)
rNeg    . . .      Spirit   .   (body armour unavailable)
rPois   .          Reflect  .   (helmet unavailable)
rElec   .          Harm     .   (cloak unavailable)
rCorr   .          Rampage  .   (gloves unavailable)
Will    .....                   (boots unavailable)
Stlth   ++........              (no amulet)
HPRegen 0.02/turn               (no ring)
MPRegen 0.09/turn               (no ring)

@: quick
A: very small, claws 1, fangs 3, see invisible, speed 1, shaggy fur 1, stealthy
paws, no weapons or thrown items, no armour, multi-lived
a: no special abilities


You were on level 1 of the Dungeon.
You visited 1 branch of the dungeon, and saw 1 of its levels.

Inventory:

Jewellery
 c - a ring of wizardry
Scrolls
 b - a scroll of blinking {unknown}
Potions
 a - a potion of magic
 d - a potion of curing {unknown}


   Skills:
 + Level 2.7 Dodging
 + Level 2.8 Stealth
 + Level 2.0 Spellcasting
 + Level 4.0 Summonings


You had 3 spell levels left.
You knew the following spells:

 Your Spells              Type           Power      Damage    Failure   Level
a - Summon Small Mammal   Summ           56%        N/A       4%          1

Your spell library contained the following spells:

 Spells                   Type           Power      Damage    Failure   Level
 Call Imp                 Summ           14%        N/A       6%          2
 Call Canine Familiar     Summ           14%        N/A       12%         3
 Summon Guardian Golem    Hex/Summ       8%         N/A       26%         3
 Summon Lightning Spire   Summ/Air       8%         N/A       65%         4


Dungeon Overview and Level Annotations

Branches:
Dungeon (1/15)

Altars:


Innate Abilities, Weirdness & Mutations

You have sharp claws.
You have razor-sharp teeth.
You have supernaturally acute eyesight. (SInv)
You cover ground quickly. (Speed+)
You are covered in fur. (AC +1)
Your paws help you pounce on unaware monsters.
You are incapable of wielding weapons or throwing items.
You cannot wear armour.
You gain extra lives every three experience levels.


Message History

Attack!
Your bat hits the kobold. The kobold barely misses your bat.
Your bat hits the kobold.
Your bat closely misses the kobold.
Your bat hits the kobold.
The kobold dies!
Your bat barely misses the dart slug.
The quokka barely misses your bat.
Your bat closely misses the quokka.
Your bat hits the dart slug but does no damage.
Your bat barely misses the quokka.
Your bat hits the dart slug.
Your bat closely misses the quokka.
The quokka closely misses your bat.
Your bat hits the dart slug.
Your bat hits the dart slug but does no damage.
Your bat hits the quokka but does no damage.
The dart slug launches a dart at you. The slug dart hits your bat.
Your bat dies!
Your bat's corpse disappears in a puff of smoke!
Casting: Summon Small Mammal (safe; 4% risk of failure)
Confirm with . or Enter, or press ? or * to list all spells.
Your bat hits the dart slug but does no damage.
What are your orders? t - Meow!
Orders for allies: a - Attack new target. r - Retreat! s - Stop attacking. g - Guard the area. f - Follow me.
Anything else - Cancel.
Gang up on whom?
Press: ? - help, Dir - move target, f - quokka
Aim: a quokka (ally target) Attack!
Your bat barely misses the quokka. x3; Your rat misses the quokka.
Casting: Summon Small Mammal (safe; 4% risk of failure)
Confirm with . or Enter, or press ? or * to list all spells.
Your rat disappears in a puff of smoke!
You swap places.
The quokka bites your rat.
Your rat dies!
Your rat's corpse disappears in a puff of smoke!
Casting: Summon Small Mammal (safe; 4% risk of failure)
Confirm with . or Enter, or press ? or * to list all spells.
Your bat barely misses the quokka.
You swap places.
The quokka bites you.
You die...

#### ########
###..## .......#
#.....###
.......###.###...#
........#ยง.#####.#
#####
.....>.......###.#
###...#
.......#.###..##.###
##...### ###).....#
##..r.b.####....#
#..######
####@#..#....###
#w## #..#.......#
##.## ####..#....#.#
#...# ........####.#
##w## #####.#.# #.#
#.b.# #.#.# #.###
..)..# #.#.#
#...##### #...##
#...# ###.....#
..... ##..# ####.##


You could see a quokka (ally target) and a friendly bat (summoned).

Vanquished Creatures
  A bat (D:1)
1 creature vanquished.

Vanquished Creatures (collateral kills)
  A frilled lizard (D:1)
  A kobold (D:1)
2 creatures vanquished.

Grand Total: 3 creatures vanquished

Notes
Turn   | Place    | Note
-------+----------+-------------------------------------------
     0 | D:1      | croobank the Felid Summoner began the quest for the Orb.
     0 | D:1      | Reached XP level 1. HP: 7/7 MP: 4/4
   206 | D:1      | Slain by a quokka

Illustrated notes

Levels and vault maps discovered:
D:1:      psy_arrival_terrarium, layout_rooms, nicolae_figureground_sparkle

Action                   || total
-------------------------++-------
Melee: Unarmed           ||     2
 Cast: Summon Small Mamm ||     8
Armor: Skin              ||     1
Dodge: Dodged            ||     3
